 Dungeon Crawl Stone Soup version 0.31.0-9-g3a7656b989 (webtiles) character file.

Game seed: 4182066651766533773

151 qw the Skirmisher (level 5, -3/29 HPs)
             Began as a Deep Elf Hunter on Feb 2, 2024.
             Incinerated by a bombardier beetle (6 damage)
             ... with a burning spray
             ... on level 3 of the Dungeon.
             The game lasted 00:00:31 (1867 turns).

qw the Skirmisher (Deep Elf Hunter)                 Turns: 1867, Time: 00:00:32

Health: -3/29      AC:  3    Str: 10    XL:     5   Next: 11%
Magic:  7/7        EV: 12    Int: 14    God:
Gold:   151        SH:  0    Dex: 18    Spells: 4/4 levels left

rFire   . . .        a - +1 shortbow (flame)
rCold   . . .        (shield currently unavailable)
rNeg    . . .        c - +0 leather armour
rPois   .            (no helmet)
rElec   .            (no cloak)
rCorr   .            (no gloves)
SInv    .            (no boots)
Will    .....        (no amulet)
Stlth   +            (no ring)
HPRegen 0.24/turn    (no ring)
MPRegen 0.10/turn

%: no passive effects
@: on fire, glowing
A: no striking features
a: no special abilities


You were on level 3 of the Dungeon.
You visited 1 branch of the dungeon, and saw 3 of its levels.

You collected 151 gold pieces.


   Skills:
 - Level 1.5 Fighting
 + Level 8.5 Ranged Weapons
 - Level 2.4 Dodging
 - Level 1.2 Stealth


You had 4 spell levels left.
You didn't know any spells.
Your spell library was empty.

Inventory:

Hand Weapons
 a - a +1 shortbow of flaming (weapon)
Armour
 c - a +0 leather armour (worn)
Wands
 i - a wand of flame (17)
Scrolls
 e - a scroll of identify
Potions
 b - 2 potions of mutation {unknown}
 d - a potion of berserk rage {unknown}
 f - a potion of might
 g - a potion of magic {unknown}
 h - a potion of haste

Dungeon Overview and Level Annotations

Branches:
Dungeon (3/15)

Altars:
Vehumet
The Shining One


Message History

You shoot an arrow. The arrow hits the orc.
The arrow burns the orc.
You kill the orc!
You see here the +6 dagger of Intimidation {flame, ^Contam Int+5 SInv Stlth+}.
You see here a +0 mace.
A frilled lizard comes into view.
You shoot an arrow. The arrow hits the frilled lizard.
The arrow burns the frilled lizard.
You kill the frilled lizard!
Found a leather armour.
A bombardier beetle comes into view.
You shoot an arrow. The arrow hits the bombardier beetle!
The arrow burns the bombardier beetle.
The bombardier beetle is heavily wounded.
Enter note: You shoot an arrow.
The arrow hits the bombardier beetle but does no damage.
The bombardier beetle is heavily wounded.
The bombardier beetle sprays incendiary fluid at you.
The burning spray hits you.
You are covered in liquid fire!
You shoot an arrow. The arrow hits the bombardier beetle.
The arrow burns the bombardier beetle.
The bombardier beetle is almost dead.
The liquid fire burns you!
You shoot an arrow. The arrow hits the bombardier beetle.
The arrow burns the bombardier beetle.
You kill the bombardier beetle!
The liquid fire burns you!
You have reached level 5!
You are on fire!
The liquid fire burns you!
You are on fire!
The liquid fire burns you!
You are on fire!
The liquid fire burns you!
You are on fire!
The liquid fire burns you!
You are on fire!
The liquid fire burns you!
You die...

........##.......#
#..##.....##
#####....#.......# ..
###...## #......#...|...#
.# ###.# #......#..######
#..# #.# ###....#.## .#%.
#.# #.......# ## ... #.#
#......(# ##. #.# #.###
#.....#..##..#..# #...#
####.....#..#. #@.# ###.#
......#.###.#.##.## #.###
.#...##.##.......#######..#
#...#
.#.####...[.....##......%#
###.#
.......>..##.##....#######
#..# ........####.##....###
#.## ......######....##...#
#.# ...#>......#..######.##
#####.# ...#.#####.#..##
#.)## #.....#


There were no monsters in sight!

Vanquished Creatures
  A bombardier beetle (D:3)
  4 gnolls
  2 adders
  A dart slug (D:2)
  6 orcs (D:3)
  3 endoplasms
  3 giant cockroaches
  8 hobgoblins
  2 quokkas (D:1)
  6 ball pythons
  3 bats
  3 frilled lizards
  A goblin (D:3)
  4 kobolds
  8 rats
55 creatures vanquished.

Notes
Turn   | Place    | Note
-------+----------+-------------------------------------------
     0 | D:1      | qw the Deep Elf Hunter began the quest for the Orb.
     0 | D:1      | Reached XP level 1. HP: 12/12 MP: 3/3
     0 | D:1      | 0 ||| qw: Version: 0.3-a-155-g5e7d8dd
     0 | D:1      | 0 ||| qw: Game counter: 2823
     0 | D:1      | 0 ||| qw: Melee chars always use a shield: true
     0 | D:1      | 0 ||| qw: God list: Okawaru
     0 | D:1      | 0 ||| qw: Allow faded altars: false
     0 | D:1      | 0 ||| qw: Do Orc after clearing Dungeon:15 true
     0 | D:1      | 0 ||| qw: Do second Lair branch before Depths: true
     0 | D:1      | 0 ||| qw: Lair rune preference: random
     0 | D:1      | 0 ||| qw: Goals: Normal
     0 | D:1      | 0 ||| PLANNING D:1-11
   647 | D:1      | Reached skill level 6 in Ranged Weapons
   647 | D:1      | Reached XP level 2. HP: 13/16 MP: 4/4
   830 | D:1      | 830 ||| READING scroll labelled EGIAVEGRIARI.
   830 | D:1      | 830 ||| ENCHANTING +0 shortbow.
   838 | D:1      | 838 ||| READING 2 scrolls labelled BAKHLA FIMOEBO.
   838 | D:1      | 838 ||| IDENTIFYING metallic puce potion
   839 | D:1      | 839 ||| READING scroll of identify.
   839 | D:1      | 839 ||| IDENTIFYING grey potion
   840 | D:1      | 840 ||| READING scroll labelled ECUYSU UMETS.
   841 | D:1      | 841 ||| READING scroll labelled WIBOFE GENGOAL.
   842 | D:1      | 842 ||| READING scroll labelled ITOXTI NEDOH.
   842 | D:1      | 842 ||| BRANDING +1 shortbow.
   843 | D:1      | 843 ||| DROPPING scroll of butterflies.
  1009 | D:2      | Reached XP level 3. HP: 19/20 MP: 5/5
  1047 | D:2      | Reached skill level 7 in Ranged Weapons
  1131 | D:2      | Found a glowing golden altar of the Shining One.
  1141 | D:2      | HP: 1/20 [gnoll/+0 spear (6)]
  1143 | D:2      | Reached XP level 4. HP: 2/25 MP: 6/6
  1471 | D:2      | 1471 ||| READING scroll labelled GAICLU CAFEPN.
  1686 | D:3      | Found a radiant altar of Vehumet.
  1693 | D:3      | Reached skill level 8 in Ranged Weapons
  1823 | D:3      | Identified the +6 dagger of Intimidation {flame, ^Contam
                  | Int+5 SInv Stlth+}
  1863 | D:3      | Reached XP level 5. HP: 20/29 MP: 7/7
  1866 | D:3      | HP: 3/29 [burnt (5)]
  1867 | D:3      | Incinerated by a bombardier beetle

Levels and vault maps discovered:
D:1:      lightli_molten_gateway, layout_loops_corners,
          nicolae_houndstooth_variations
D:2:      layout_loops_ring, basic_altar
D:3:      layout_rooms, nicolae_tso_swordbearing_angel, vehumet_altar_wand_db

Skill      XL: |  1  2  3  4 |
---------------+-------------+-----
Ranged Weapons | 6 7 8 |  8.5
Fighting       | |  1.5
Dodging        | |  2.4
Stealth        | |  1.2

Action                     |  1- 3 |  4- 6 || total
---------------------------+-------+-------++-------
   Fire: Shortbow          |    89 |    49 ||   138
    Use: Scroll            |     6 |     1 ||     7
 Armour: Leather armour    |     8 |     3 ||    11
  Dodge: Dodged            |    16 |     7 ||    23

Table legend:
 A = Non-vault XP
 B = Vault XP
 C = Vault XP percentage of total XP
 D = Non-vault monster count
 E = Vault monster count
 F = Vault count percentage of total count
                 A         B        C        D         E       F
            +---------+---------+-------+---------+---------+-------
      Total |     216 |       1 |   0.5 |      54 |       1 |   1.8
            +---------+---------+-------+---------+---------+-------
        D:1 |      26 |       0 |   0.0 |       9 |       0 |   0.0
        D:2 |     101 |       0 |   0.0 |      29 |       0 |   0.0
        D:3 |      89 |       1 |   1.1 |      16 |       1 |   5.9
            +---------+---------+-------+---------+---------+-------
